[ AOE2 MATCH · #482907862 ]
Team RMJapanese vs Vietnamese
[ REPLAY ANALYSIS · EXTRACTED FROM THE RECORDED GAME ]
Feudal
10:58
Castle
14:35
Imperial
34:44
| APM avg | 46.4 |
| APM peak | 112 |
| eAPM avg | 24.2 |
| Villagers / military | 169 / 242 |
Focus
⚔️ 44.9% · 🌾 55.1%
Samurai ×232 · Battering Ram ×6 · Trebuchet (Packed) ×4
Feudal
11:32
Castle
17:41
Imperial
34:33
| APM avg | 24.4 |
| APM peak | 76 |
| eAPM avg | 20.9 |
| Villagers / military | 279 / 312 |
Focus
⚔️ 39.1% · 🌾 60.9%
Fire Lancer ×108 · Spearman ×77 · Battle Elephant ×43 · Rattan Archer ×36 · Scout Cavalry ×21 · Battering Ram ×16
Feudal
12:39
Castle
16:10
Imperial
32:37
| APM avg | 18.5 |
| APM peak | 38 |
| eAPM avg | 12.7 |
| Villagers / military | 135 / 713 |
Focus
⚔️ 45.5% · 🌾 54.5%
Spearman ×627 · Boyar ×79 · Knight ×3 · Monk ×2 · Petard ×1 · Scout Cavalry ×1
Feudal
10:47
Castle
14:45
Imperial
33:31
| APM avg | 37.9 |
| APM peak | 85 |
| eAPM avg | 22.9 |
| Villagers / military | 155 / 313 |
Focus
⚔️ 39.2% · 🌾 60.8%
Mangudai ×165 · Scout Cavalry ×100 · Battering Ram ×41 · Trebuchet (Packed) ×6 · Monk ×1
Feudal
10:45
Castle
16:09
Imperial
35:26
| APM avg | 18.3 |
| APM peak | 39 |
| eAPM avg | 14.3 |
| Villagers / military | 218 / 259 |
Focus
⚔️ 22.5% · 🌾 77.5%
Knight ×110 · Skirmisher ×90 · Spearman ×24 · Scout Cavalry ×19 · Teutonic Knight ×7 · Mangonel ×4
Feudal
10:21
Castle
15:08
Imperial
32:05
| APM avg | 33.9 |
| APM peak | 76 |
| eAPM avg | 16.8 |
| Villagers / military | 172 / 334 |
Focus
⚔️ 36.2% · 🌾 63.8%
Petard ×224 · Unknown (2586) ×207 · Spearman ×94 · Trebuchet (Packed) ×9 · Monk ×4 · Battering Ram ×3
Feudal
10:20
Castle
17:38
Imperial
24:19
| APM avg | 24.4 |
| APM peak | 71 |
| eAPM avg | 15.0 |
| Villagers / military | 166 / 151 |
Focus
⚔️ 27.1% · 🌾 72.9%
Spearman ×101 · Hand Cannoneer ×33 · Battering Ram ×14 · Mangonel ×2 · Monk ×1
Feudal
11:29
Castle
15:44
Imperial
33:53
| APM avg | 30.8 |
| APM peak | 78 |
| eAPM avg | 19.1 |
| Villagers / military | 112 / 696 |
Focus
⚔️ 48.0% · 🌾 52.0%
Camel Scout ×418 · Archer ×150 · Scout Cavalry ×116 · Skirmisher ×5 · Monk ×3 · Trebuchet (Packed) ×3
Match map
Initial resources + every placement click. Lines = walls · curves = elevation contours. ◆ gold · ⬟ stone · ● berries · ✦ relic · ◌ wall gap
Your base· ✓ Closed at 14:35 · 0t walls · 3 gate(s)
Miss.Orient's base· ✓ Closed at 17:41 · 0t walls · 2 gate(s)
GR4Y_BE4RD's base· ✓ Closed at 16:10 · 0t walls · 3 gate(s)
berpite7's base· ✓ Closed at 14:45 · 0t walls · 2 gate(s)
KillerINSTIC's base· ✓ Closed at 16:09 · 0t walls · 2 gate(s)
dAN's base· ✓ Closed at 15:08 · 0t walls · 3 gate(s)
Bantum's base· ✓ Closed at 17:38 · 0t walls · 3 gate(s)
MR FACAndo's base· ✓ Closed at 15:44 · 0t walls · 2 gate(s)
Smoothed initial terrain · ◌ = detected wall gap · hover for details
Inputs per minute
— Jjota - - Miss.Orient
Build order — Jjota
First 150 of 644 actions detected
| 0:02 | Build | House |
| 0:03 | Create | Villager (Male) |
| 0:03 | Create | Villager (Male) |
| 0:04 | Build | House |
| 0:05 | Create | Villager (Male) |
| 0:05 | Create | Villager (Male) |
| 0:05 | Create | Villager (Male) |
| 1:25 | Create | Villager (Male) |
| 1:25 | Create | Villager (Male) |
| 1:25 | Create | Villager (Male) |
| 1:25 | Create | Villager (Male) |
| 1:52 | Create | Villager (Male) |
| 1:52 | Create | Villager (Male) |
| 1:52 | Create | Villager (Male) |
| 1:57 | Build | Lumber Camp |
| 2:24 | Create | Villager (Male) |
| 2:25 | Create | Villager (Male) |
| 2:25 | Create | Villager (Male) |
| 2:52 | Create | Villager (Male) |
| 2:52 | Create | Villager (Male) |
| 2:53 | Create | Villager (Male) |
| 3:21 | Create | Villager (Male) |
| 3:21 | Create | Villager (Male) |
| 3:22 | Create | Villager (Male) |
| 3:46 | Create | Villager (Male) |
| 3:46 | Create | Villager (Male) |
| 4:03 | Build | House |
| 4:06 | Build | House |
| 4:33 | Create | Villager (Male) |
| 4:33 | Create | Villager (Male) |
| 4:34 | Create | Villager (Male) |
| 4:44 | Build | Mill |
| 5:00 | Create | Villager (Male) |
| 5:00 | Create | Villager (Male) |
| 5:00 | Create | Villager (Male) |
| 5:27 | Create | Villager (Male) |
| 5:27 | Create | Villager (Male) |
| 6:30 | Create | Villager (Male) |
| 6:30 | Create | Villager (Male) |
| 7:04 | Build | Farm |
| 7:07 | Build | Farm |
| 7:11 | Build | Farm |
| 7:16 | Create | Villager (Male) |
| 7:42 | Create | Villager (Male) |
| 7:42 | Create | Villager (Male) |
| 8:43 | Build | Mining Camp |
| 8:46 | Research | Feudal Age |
| 9:14 | Build | Farm |
| 9:29 | Build | House |
| 10:43 | Create | Villager (Male) |
| 10:43 | Create | Villager (Male) |
| 10:58 | Age | Feudal Age |
| 11:00 | Build | Market |
| 11:03 | Build | Blacksmith |
| 11:21 | Build | Mining Camp |
| 11:55 | Research | Castle Age |
| 12:25 | Research | Double-Bit Axe |
| 14:30 | Create | Villager (Male) |
| 14:30 | Create | Villager (Male) |
| 14:35 | Age | Castle Age |
| 14:42 | Research | Bow Saw |
| 14:44 | Research | Gold Mining |
| 15:18 | Build | Castle |
| 15:31 | Build | Siege Workshop |
| 15:33 | Create | Villager (Male) |
| 15:33 | Create | Villager (Male) |
| 16:03 | Build | House |
| 16:07 | Research | Loom |
| 16:09 | Create | Villager (Male) |
| 16:13 | Build | Farm |
| 16:14 | Build | Farm |
| 16:15 | Build | Farm |
| 16:32 | Build | Farm |
| 16:36 | Create | Villager (Male) |
| 17:04 | Create | Villager (Male) |
| 17:08 | Build | House |
| 17:16 | Create | Samurai |
| 17:17 | Create | Samurai |
| 17:22 | Create | Battering Ram |
| 17:39 | Create | Samurai |
| 17:47 | Create | Villager (Male) |
| 18:02 | Create | Battering Ram |
| 18:04 | Create | Samurai |
| 18:05 | Create | Samurai |
| 18:30 | Create | Samurai |
| 18:30 | Create | Samurai |
| 18:35 | Create | Battering Ram |
| 18:36 | Create | Battering Ram |
| 18:36 | Create | Battering Ram |
| 18:48 | Create | Villager (Male) |
| 18:48 | Create | Villager (Male) |
| 18:48 | Create | Villager (Male) |
| 18:48 | Create | Villager (Male) |
| 18:48 | Create | Villager (Male) |
| 19:13 | Create | Samurai |
| 19:13 | Create | Samurai |
| 19:13 | Create | Samurai |
| 19:16 | Create | Battering Ram |
| 19:20 | Create | Villager (Male) |
| 19:20 | Create | Villager (Male) |
| 19:21 | Build | Farm |
| 19:22 | Build | Farm |
| 19:22 | Build | Farm |
| 19:39 | Create | Samurai |
| 19:50 | Build | Farm |
| 19:52 | Create | Samurai |
| 20:26 | Create | Samurai |
| 20:27 | Create | Samurai |
| 20:50 | Create | Samurai |
| 20:51 | Create | Samurai |
| 21:02 | Build | Farm |
| 21:02 | Build | Farm |
| 21:02 | Build | Farm |
| 21:02 | Build | Farm |
| 21:06 | Build | Farm |
| 21:06 | Build | Farm |
| 21:06 | Build | Farm |
| 21:06 | Build | Farm |
| 21:13 | Create | Villager (Male) |
| 21:13 | Create | Villager (Male) |
| 21:18 | Build | Farm |
| 21:22 | Build | Lumber Camp |
| 21:26 | Create | Villager (Male) |
| 21:26 | Create | Villager (Male) |
| 21:34 | Create | Samurai |
| 21:34 | Create | Samurai |
| 21:34 | Create | Samurai |
| 21:34 | Create | Samurai |
| 21:35 | Create | Samurai |
| 22:05 | Create | Samurai |
| 22:07 | Create | Villager (Male) |
| 22:12 | Build | Farm |
| 22:16 | Build | Farm |
| 22:24 | Research | Forging |
| 22:25 | Research | Forging |
| 22:25 | Research | Forging |
| 22:47 | Build | Barracks |
| 22:49 | Create | Villager (Male) |
| 22:49 | Create | Villager (Male) |
| 22:49 | Create | Villager (Male) |
| 23:39 | Research | Iron Casting |
| 23:40 | Research | Scale Mail Armor |
| 25:14 | Create | Villager (Male) |
| 25:14 | Create | Villager (Male) |
| 25:33 | Create | Villager (Male) |
| 25:33 | Create | Villager (Male) |
| 25:33 | Create | Villager (Male) |
| 25:39 | Build | Town Center |
| 25:46 | Build | Town Center |
| 26:01 | Research | Scale Mail Armor |
Build order — Miss.Orient
First 150 of 724 actions detected
| 0:01 | Create | Villager (Male) |
| 0:01 | Create | Villager (Male) |
| 0:02 | Create | Villager (Male) |
| 0:03 | Build | House |
| 0:04 | Build | House |
| 0:21 | Create | Villager (Male) |
| 0:21 | Create | Villager (Male) |
| 1:30 | Create | Villager (Male) |
| 1:51 | Create | Villager (Male) |
| 1:52 | Create | Villager (Male) |
| 1:56 | Build | Lumber Camp |
| 2:21 | Create | Villager (Male) |
| 2:45 | Create | Villager (Male) |
| 2:45 | Create | Villager (Male) |
| 3:18 | Create | Villager (Male) |
| 3:19 | Create | Villager (Male) |
| 3:27 | Create | Villager (Male) |
| 3:27 | Create | Villager (Male) |
| 3:44 | Build | House |
| 3:56 | Create | Villager (Male) |
| 4:16 | Build | House |
| 4:27 | Build | House |
| 4:33 | Create | Villager (Male) |
| 4:33 | Create | Villager (Male) |
| 4:34 | Create | Villager (Male) |
| 4:34 | Create | Villager (Male) |
| 4:34 | Create | Villager (Male) |
| 4:57 | Create | Villager (Male) |
| 4:57 | Create | Villager (Male) |
| 5:33 | Build | Mill |
| 5:57 | Create | Villager (Male) |
| 5:57 | Create | Villager (Male) |
| 5:57 | Create | Villager (Male) |
| 6:50 | Create | Villager (Male) |
| 6:50 | Create | Villager (Male) |
| 6:51 | Create | Villager (Male) |
| 6:56 | Build | Mining Camp |
| 7:59 | Build | Mining Camp |
| 8:32 | Create | Villager (Male) |
| 8:33 | Create | Villager (Male) |
| 8:35 | Research | Feudal Age |
| 9:18 | Build | Farm |
| 9:20 | Build | Farm |
| 9:21 | Build | Farm |
| 10:20 | Build | House |
| 10:23 | Build | House |
| 10:39 | Build | Barracks |
| 10:46 | Build | Farm |
| 10:55 | Create | Villager (Male) |
| 10:55 | Create | Villager (Male) |
| 10:56 | Create | Villager (Male) |
| 10:56 | Create | Villager (Male) |
| 10:56 | Create | Villager (Male) |
| 10:56 | Create | Villager (Male) |
| 11:12 | Build | Farm |
| 11:32 | Age | Feudal Age |
| 12:04 | Build | Farm |
| 12:05 | Build | Farm |
| 12:15 | Create | Villager (Male) |
| 12:15 | Create | Villager (Male) |
| 12:43 | Build | Blacksmith |
| 13:25 | Build | Farm |
| 13:55 | Build | Stable |
| 14:01 | Build | House |
| 14:22 | Build | House |
| 14:34 | Build | Farm |
| 14:43 | Build | Farm |
| 14:53 | Build | Farm |
| 15:01 | Research | Castle Age |
| 15:31 | Research | Double-Bit Axe |
| 15:53 | Research | Horse Collar |
| 15:54 | Research | Horse Collar |
| 16:07 | Build | House |
| 16:15 | Build | House |
| 16:21 | Build | House |
| 16:25 | Build | House |
| 16:29 | Build | House |
| 16:31 | Build | House |
| 16:32 | Build | House |
| 16:35 | Create | Villager (Male) |
| 16:35 | Create | Villager (Male) |
| 16:36 | Create | Villager (Male) |
| 16:43 | Build | House |
| 17:02 | Build | Farm |
| 17:03 | Build | Farm |
| 17:04 | Build | Farm |
| 17:07 | Build | Farm |
| 17:13 | Build | House |
| 17:26 | Create | Villager (Male) ×5 |
| 17:27 | Create | Villager (Male) ×5 |
| 17:27 | Create | Villager (Male) ×3 |
| 17:41 | Age | Castle Age |
| 17:50 | Build | Castle |
| 17:57 | Build | House |
| 17:58 | Build | House |
| 18:28 | Research | Bow Saw |
| 18:34 | Research | Heavy Plow |
| 19:08 | Build | Town Center |
| 19:27 | Build | Lumber Camp |
| 19:39 | Build | Farm |
| 19:40 | Build | Farm |
| 19:46 | Build | Farm |
| 19:48 | Build | Farm |
| 20:01 | Research | Gold Mining |
| 20:41 | Build | Lumber Camp |
| 20:52 | Build | Farm |
| 20:53 | Build | Farm |
| 20:55 | Build | Farm |
| 21:01 | Build | Farm |
| 21:02 | Build | Farm |
| 21:22 | Build | Farm |
| 21:23 | Build | Farm |
| 21:36 | Build | Farm |
| 21:39 | Create | Villager (Male) |
| 21:39 | Create | Villager (Male) |
| 21:39 | Create | Villager (Male) |
| 22:04 | Research | Wheelbarrow |
| 22:16 | Build | Market |
| 22:27 | Create | Villager (Male) |
| 22:28 | Create | Villager (Male) |
| 22:40 | Build | House |
| 22:43 | Build | House |
| 22:43 | Build | House |
| 22:43 | Build | House |
| 22:44 | Build | House |
| 22:44 | Build | House |
| 22:44 | Build | House |
| 22:45 | Build | House |
| 22:45 | Build | House |
| 22:45 | Build | House |
| 22:45 | Build | House |
| 22:45 | Build | House |
| 23:00 | Create | Villager (Male) |
| 23:01 | Create | Villager (Male) |
| 23:18 | Build | Stable |
| 23:22 | Create | Rattan Archer |
| 23:23 | Create | Rattan Archer |
| 23:51 | Create | Rattan Archer |
| 23:51 | Create | Rattan Archer |
| 24:08 | Research | Fletching |
| 24:09 | Research | Padded Archer Armor |
| 24:11 | Research | Chatras |
| 24:20 | Build | Stable |
| 24:22 | Create | Rattan Archer |
| 24:22 | Create | Rattan Archer |
| 24:22 | Create | Rattan Archer |
| 24:48 | Create | Battle Elephant |
| 24:49 | Create | Battle Elephant |
| 24:49 | Create | Battle Elephant |
| 24:52 | Create | Villager (Male) |
Build order — GR4Y_BE4RD
First 150 of 524 actions detected
| 0:01 | Create | Villager (Male) |
| 0:01 | Create | Villager (Male) |
| 0:02 | Create | Villager (Male) |
| 0:03 | Build | House |
| 0:33 | Create | Villager (Male) |
| 0:44 | Build | House |
| 0:46 | Build | House |
| 0:47 | Build | House |
| 1:33 | Create | Villager (Male) |
| 2:07 | Create | Villager (Male) |
| 2:31 | Build | Lumber Camp |
| 2:40 | Create | Villager (Male) |
| 3:03 | Create | Villager (Male) |
| 3:29 | Create | Villager (Male) |
| 3:47 | Create | Villager (Male) |
| 4:51 | Create | Villager (Male) |
| 4:51 | Create | Villager (Male) |
| 4:57 | Build | Mill |
| 5:23 | Create | Villager (Male) |
| 6:08 | Create | Villager (Male) |
| 6:08 | Create | Villager (Male) |
| 6:19 | Build | House |
| 6:38 | Create | Villager (Male) |
| 6:55 | Build | Farm |
| 7:01 | Build | Farm |
| 7:08 | Build | Farm |
| 7:15 | Create | Villager (Male) |
| 7:59 | Create | Villager (Male) |
| 8:00 | Create | Villager (Male) |
| 8:20 | Build | Farm |
| 8:26 | Create | Villager (Male) |
| 9:01 | Create | Villager (Male) |
| 9:06 | Build | Mining Camp |
| 9:19 | Create | Villager (Male) |
| 9:28 | Build | Farm |
| 9:39 | Create | Villager (Male) |
| 9:53 | Research | Feudal Age |
| 10:35 | Build | Barracks |
| 10:50 | Build | House |
| 11:07 | Create | Villager (Male) |
| 11:07 | Create | Villager (Male) |
| 12:00 | Build | Farm |
| 12:39 | Age | Feudal Age |
| 12:42 | Build | Market |
| 12:49 | Build | Blacksmith |
| 13:11 | Create | Spearman |
| 13:30 | Research | Castle Age |
| 13:40 | Build | Stable |
| 13:45 | Research | Horse Collar |
| 13:47 | Research | Double-Bit Axe |
| 14:07 | Create | Spearman |
| 14:30 | Create | Spearman |
| 14:42 | Build | House |
| 14:43 | Create | Scout Cavalry |
| 14:56 | Research | Bloodlines |
| 15:09 | Create | Villager (Male) |
| 15:14 | Create | Villager (Male) |
| 16:09 | Research | Scale Mail Armor |
| 16:10 | Age | Castle Age |
| 17:05 | Create | Villager (Male) |
| 17:05 | Create | Villager (Male) |
| 17:14 | Build | Monastery |
| 17:16 | Build | House |
| 17:25 | Build | Town Center |
| 17:29 | Create | Villager (Male) |
| 17:30 | Create | Villager (Male) |
| 17:35 | Build | Farm |
| 17:39 | Build | Farm |
| 17:59 | Create | Monk |
| 18:09 | Build | Farm |
| 18:14 | Research | Bow Saw |
| 18:31 | Create | Villager (Male) |
| 18:37 | Create | Villager (Male) |
| 18:38 | Create | Villager (Male) |
| 18:41 | Create | Villager (Male) |
| 19:18 | Build | Town Center |
| 19:51 | Create | Villager (Male) |
| 19:51 | Create | Villager (Male) |
| 20:12 | Build | Farm |
| 20:15 | Build | Farm |
| 20:19 | Build | Farm |
| 20:25 | Build | Farm |
| 20:26 | Build | Farm |
| 20:34 | Build | Farm |
| 20:41 | Create | Villager (Male) |
| 20:41 | Create | Villager (Male) |
| 20:42 | Create | Villager (Male) |
| 20:42 | Create | Villager (Male) |
| 20:43 | Create | Villager (Male) |
| 20:44 | Create | Villager (Male) |
| 20:48 | Build | House |
| 20:51 | Build | House |
| 21:06 | Build | Town Center |
| 21:48 | Create | Villager (Male) |
| 21:48 | Create | Villager (Male) |
| 21:49 | Create | Villager (Male) |
| 21:50 | Research | Wheelbarrow |
| 22:07 | Build | House |
| 22:09 | Create | Knight |
| 22:09 | Create | Knight |
| 22:29 | Create | Villager (Male) |
| 22:29 | Create | Villager (Male) |
| 22:29 | Create | Villager (Male) |
| 22:30 | Create | Villager (Male) |
| 22:36 | Build | Farm |
| 22:38 | Build | Farm |
| 22:40 | Build | Farm |
| 22:47 | Build | Farm |
| 23:11 | Build | House |
| 23:12 | Build | House |
| 23:16 | Create | Villager (Male) |
| 23:20 | Build | Lumber Camp |
| 23:28 | Create | Villager (Male) |
| 23:28 | Create | Villager (Male) |
| 23:28 | Create | Villager (Male) |
| 23:28 | Create | Villager (Male) |
| 23:31 | Build | Farm |
| 23:36 | Build | Farm |
| 23:39 | Research | Heavy Plow |
| 23:46 | Create | Villager (Male) |
| 23:46 | Create | Villager (Male) |
| 23:47 | Create | Villager (Male) |
| 23:47 | Create | Villager (Male) |
| 24:20 | Create | Villager (Male) |
| 24:21 | Create | Villager (Male) |
| 24:30 | Build | House |
| 24:32 | Build | House |
| 24:34 | Build | House |
| 24:35 | Build | House |
| 24:37 | Build | House |
| 24:42 | Build | House |
| 24:43 | Build | House |
| 25:04 | Research | Hand Cart |
| 25:04 | Research | Town Watch |
| 25:19 | Research | Husbandry |
| 25:24 | Research | Scale Barding Armor |
| 25:37 | Build | Mining Camp |
| 25:42 | Research | Gold Mining |
| 25:43 | Research | Stone Mining |
| 25:52 | Build | Mining Camp |
| 26:00 | Create | Villager (Male) |
| 26:00 | Create | Villager (Male) |
| 26:00 | Create | Villager (Male) |
| 26:14 | Build | Mill |
| 26:16 | Build | Farm |
| 26:16 | Build | Farm |
| 26:16 | Build | Farm |
| 26:17 | Build | Farm |
| 26:17 | Build | Farm |
| 26:18 | Build | Farm |
Build order — berpite7
First 150 of 702 actions detected
| 0:01 | Create | Villager (Male) |
| 0:03 | Build | House |
| 0:05 | Build | House |
| 0:16 | Create | Villager (Male) |
| 0:17 | Create | Villager (Male) |
| 0:17 | Create | Villager (Male) |
| 0:17 | Create | Villager (Male) |
| 1:28 | Create | Villager (Male) |
| 1:44 | Build | Lumber Camp |
| 2:11 | Create | Villager (Male) |
| 2:11 | Create | Villager (Male) |
| 2:19 | Create | Villager (Male) |
| 2:19 | Create | Villager (Male) |
| 2:54 | Create | Villager (Male) |
| 3:06 | Build | House |
| 3:08 | Build | House |
| 3:18 | Create | Villager (Male) |
| 3:57 | Create | Villager (Male) |
| 3:59 | Create | Villager (Male) |
| 4:32 | Create | Villager (Male) |
| 4:55 | Build | Mill |
| 4:57 | Create | Villager (Male) |
| 5:11 | Create | Villager (Male) |
| 5:47 | Create | Villager (Male) |
| 6:05 | Create | Villager (Male) |
| 6:32 | Build | Mining Camp |
| 6:42 | Create | Villager (Male) |
| 6:54 | Create | Villager (Male) |
| 7:16 | Create | Villager (Male) |
| 8:06 | Create | Villager (Male) |
| 8:37 | Research | Feudal Age |
| 8:52 | Create | Villager (Male) |
| 8:52 | Create | Villager (Male) |
| 10:47 | Age | Feudal Age |
| 10:58 | Build | Market |
| 11:06 | Build | Blacksmith |
| 11:11 | Create | Villager (Male) |
| 11:16 | Build | House |
| 11:27 | Research | Loom |
| 12:03 | Build | Lumber Camp |
| 12:05 | Research | Castle Age |
| 12:14 | Build | Mining Camp |
| 12:18 | Research | Double-Bit Axe |
| 12:52 | Build | Farm |
| 13:02 | Build | Farm |
| 13:10 | Build | Farm |
| 13:15 | Build | Farm |
| 14:23 | Create | Villager (Male) |
| 14:24 | Create | Villager (Male) |
| 14:45 | Age | Castle Age |
| 14:49 | Build | Town Center |
| 15:06 | Build | Town Center |
| 15:28 | Build | Monastery |
| 15:40 | Create | Villager (Male) |
| 15:48 | Create | Villager (Male) |
| 15:50 | Create | Villager (Male) |
| 15:56 | Build | House |
| 15:57 | Build | House |
| 16:09 | Create | Villager (Male) |
| 16:12 | Build | Farm |
| 16:15 | Build | Farm |
| 16:18 | Create | Monk |
| 16:26 | Build | Farm |
| 16:28 | Create | Villager (Male) |
| 16:37 | Build | Farm |
| 16:46 | Build | Farm |
| 17:03 | Build | Farm |
| 17:05 | Create | Villager (Male) |
| 17:11 | Build | Farm |
| 17:14 | Build | Farm |
| 17:27 | Build | Farm |
| 17:31 | Create | Villager (Male) |
| 17:34 | Build | Farm |
| 17:37 | Create | Villager (Male) |
| 17:39 | Build | Farm |
| 18:01 | Create | Villager (Male) |
| 18:04 | Create | Villager (Male) |
| 18:12 | Build | Farm |
| 18:14 | Build | Farm |
| 18:23 | Create | Villager (Male) |
| 18:27 | Create | Villager (Male) |
| 18:34 | Build | Farm |
| 18:37 | Build | Farm |
| 18:40 | Create | Villager (Male) |
| 18:52 | Build | House |
| 19:04 | Build | House |
| 19:06 | Build | House |
| 19:08 | Build | House |
| 19:09 | Build | House |
| 19:13 | Build | Farm |
| 19:15 | Build | Farm |
| 19:16 | Create | Villager (Male) |
| 19:16 | Create | Villager (Male) |
| 19:18 | Create | Villager (Male) |
| 19:25 | Research | Stone Mining |
| 19:27 | Create | Villager (Male) |
| 19:43 | Create | Villager (Male) |
| 19:43 | Create | Villager (Male) |
| 19:48 | Build | Farm |
| 19:51 | Build | Farm |
| 19:55 | Build | Farm |
| 19:58 | Create | Villager (Male) |
| 19:59 | Create | Villager (Male) |
| 20:00 | Create | Villager (Male) |
| 20:01 | Build | Farm |
| 20:13 | Build | Farm |
| 20:15 | Build | Farm |
| 20:20 | Create | Villager (Male) |
| 20:23 | Create | Villager (Male) |
| 20:25 | Create | Villager (Male) |
| 20:36 | Create | Villager (Male) |
| 20:49 | Research | Bow Saw |
| 20:50 | Research | Bow Saw |
| 20:57 | Create | Villager (Male) |
| 20:58 | Create | Villager (Male) |
| 21:00 | Create | Villager (Male) |
| 21:11 | Create | Villager (Male) |
| 21:26 | Create | Villager (Male) |
| 21:27 | Create | Villager (Male) |
| 21:28 | Create | Villager (Male) |
| 21:35 | Build | House |
| 21:35 | Build | House |
| 21:35 | Build | House |
| 21:36 | Build | House |
| 21:36 | Build | House |
| 21:36 | Build | House |
| 21:37 | Build | House |
| 21:37 | Build | House |
| 21:45 | Create | Villager (Male) |
| 21:45 | Create | Villager (Male) |
| 21:50 | Research | Gold Mining |
| 22:15 | Create | Villager (Male) |
| 22:17 | Research | Wheelbarrow |
| 22:23 | Create | Villager (Male) |
| 22:23 | Create | Villager (Male) |
| 22:31 | Create | Villager (Male) |
| 22:32 | Create | Villager (Male) |
| 22:37 | Create | Villager (Male) |
| 22:57 | Build | Castle |
| 23:00 | Create | Villager (Male) |
| 23:01 | Create | Villager (Male) |
| 23:02 | Create | Villager (Male) |
| 23:22 | Create | Villager (Male) |
| 23:24 | Create | Villager (Male) |
| 23:25 | Create | Villager (Male) |
| 23:32 | Create | Villager (Male) |
| 23:32 | Create | Villager (Male) |
| 23:35 | Build | Farm |
| 23:36 | Build | Farm |
| 23:40 | Build | Farm |
Build order — KillerINSTIC
First 150 of 538 actions detected
| 0:01 | Create | Villager (Male) |
| 0:01 | Create | Villager (Male) |
| 0:04 | Build | House |
| 0:08 | Build | House |
| 0:17 | Create | Villager (Male) |
| 0:17 | Create | Villager (Male) |
| 1:28 | Create | Villager (Male) |
| 1:28 | Create | Villager (Male) |
| 1:29 | Create | Villager (Male) |
| 2:03 | Create | Villager (Male) |
| 2:03 | Create | Villager (Male) |
| 2:12 | Build | Lumber Camp |
| 2:30 | Create | Villager (Male) |
| 2:31 | Create | Villager (Male) |
| 2:59 | Create | Villager (Male) |
| 2:59 | Create | Villager (Male) |
| 2:59 | Create | Villager (Male) |
| 3:20 | Create | Villager (Male) |
| 3:20 | Create | Villager (Male) |
| 3:55 | Create | Villager (Male) |
| 3:55 | Create | Villager (Male) |
| 3:58 | Build | House |
| 4:24 | Create | Villager (Male) |
| 4:25 | Create | Villager (Male) |
| 4:45 | Create | Villager (Male) |
| 4:45 | Create | Villager (Male) |
| 4:45 | Create | Villager (Male) |
| 5:02 | Build | Mill |
| 5:13 | Create | Villager (Male) |
| 5:13 | Create | Villager (Male) |
| 5:13 | Create | Villager (Male) |
| 5:42 | Create | Villager (Male) |
| 5:53 | Create | Villager (Male) |
| 6:01 | Create | Villager (Male) |
| 6:13 | Build | House |
| 6:31 | Create | Villager (Male) |
| 6:46 | Create | Villager (Male) |
| 7:41 | Create | Villager (Male) |
| 8:00 | Research | Loom |
| 8:21 | Research | Feudal Age |
| 9:01 | Build | Mining Camp |
| 9:58 | Create | Villager (Male) |
| 10:45 | Age | Feudal Age |
| 10:49 | Build | Blacksmith |
| 10:53 | Build | Market |
| 10:58 | Create | Villager (Male) |
| 11:09 | Build | Farm |
| 11:10 | Build | Farm |
| 11:22 | Create | Villager (Male) |
| 11:41 | Build | House |
| 11:49 | Build | Farm |
| 11:51 | Build | Farm |
| 11:52 | Build | Farm |
| 11:55 | Create | Villager (Male) |
| 12:10 | Build | Farm |
| 12:20 | Build | Farm |
| 12:21 | Create | Villager (Male) |
| 12:34 | Build | Farm |
| 12:54 | Build | House |
| 13:08 | Build | Farm |
| 13:24 | Build | Farm |
| 13:27 | Build | House |
| 13:29 | Research | Castle Age |
| 13:51 | Research | Double-Bit Axe |
| 13:59 | Research | Horse Collar |
| 13:59 | Research | Horse Collar |
| 14:47 | Build | Barracks |
| 15:11 | Create | Villager (Male) |
| 16:09 | Age | Castle Age |
| 16:17 | Create | Villager (Male) |
| 16:20 | Build | Town Center |
| 16:26 | Research | Bow Saw |
| 16:43 | Create | Villager (Male) |
| 17:00 | Create | Villager (Male) |
| 17:02 | Research | Wheelbarrow |
| 17:37 | Build | Stable |
| 17:40 | Create | Villager (Male) |
| 18:13 | Build | Farm |
| 18:15 | Build | Farm |
| 18:16 | Build | Farm |
| 18:18 | Create | Villager (Male) |
| 18:28 | Build | Stable |
| 18:31 | Create | Villager (Male) |
| 18:45 | Create | Villager (Male) |
| 18:46 | Create | Villager (Male) |
| 19:15 | Create | Villager (Male) |
| 19:16 | Create | Villager (Male) |
| 19:22 | Build | Town Center |
| 19:28 | Create | Knight |
| 19:29 | Research | Bloodlines |
| 19:32 | Build | House |
| 19:39 | Create | Villager (Male) |
| 19:41 | Create | Villager (Male) |
| 19:46 | Research | Forging |
| 20:14 | Build | Siege Workshop |
| 20:21 | Create | Villager (Male) |
| 20:21 | Create | Villager (Male) |
| 20:23 | Create | Villager (Male) |
| 20:23 | Create | Villager (Male) |
| 20:24 | Create | Villager (Male) |
| 20:48 | Build | Monastery |
| 20:51 | Create | Knight |
| 20:51 | Create | Knight |
| 20:51 | Create | Knight |
| 20:57 | Build | House |
| 20:59 | Create | Mangonel |
| 21:05 | Create | Villager (Male) |
| 21:06 | Create | Villager (Male) |
| 21:27 | Research | Heavy Plow |
| 21:41 | Create | Monk |
| 21:44 | Build | House |
| 21:58 | Create | Villager (Male) |
| 21:58 | Create | Villager (Male) |
| 22:16 | Build | House |
| 22:20 | Create | Knight |
| 22:26 | Create | Villager (Male) |
| 22:29 | Build | Lumber Camp |
| 22:31 | Create | Villager (Male) |
| 22:46 | Build | University |
| 22:48 | Build | Farm |
| 22:49 | Build | Farm |
| 22:50 | Build | Farm |
| 22:50 | Build | Farm |
| 22:52 | Build | Farm |
| 22:52 | Build | Farm |
| 22:52 | Build | Farm |
| 22:53 | Build | Farm |
| 22:53 | Build | Farm |
| 22:54 | Build | Farm |
| 22:54 | Build | Farm |
| 22:55 | Build | Farm |
| 22:59 | Build | Farm |
| 23:00 | Build | Farm |
| 23:00 | Build | Farm |
| 23:01 | Build | Farm |
| 23:02 | Build | Farm |
| 23:03 | Create | Villager (Male) |
| 23:04 | Create | Villager (Male) |
| 23:04 | Create | Villager (Male) |
| 23:09 | Build | Farm |
| 23:10 | Create | Villager (Male) |
| 23:11 | Create | Villager (Male) |
| 23:15 | Build | Farm |
| 23:19 | Build | Farm |
| 23:22 | Create | Villager (Male) |
| 23:22 | Create | Villager (Male) |
| 23:46 | Create | Knight |
| 23:47 | Create | Knight |
| 24:18 | Create | Mangonel |
| 24:18 | Create | Villager (Male) |
Build order — dAN
First 150 of 543 actions detected
| 0:03 | Create | Villager (Male) |
| 0:03 | Create | Villager (Male) |
| 0:03 | Create | Villager (Male) |
| 0:03 | Create | Villager (Male) |
| 0:05 | Build | House |
| 0:07 | Build | House |
| 1:28 | Create | Villager (Male) |
| 2:02 | Create | Villager (Male) |
| 2:03 | Create | Villager (Male) |
| 2:03 | Create | Villager (Male) |
| 2:12 | Build | Settlement |
| 2:55 | Create | Villager (Male) |
| 2:55 | Create | Villager (Male) |
| 3:25 | Create | Villager (Male) |
| 3:55 | Create | Villager (Male) |
| 4:11 | Create | Villager (Male) |
| 4:27 | Create | Villager (Male) |
| 4:27 | Create | Villager (Male) |
| 4:51 | Create | Villager (Male) |
| 4:51 | Create | Villager (Male) |
| 5:39 | Create | Villager (Male) |
| 5:39 | Create | Villager (Male) |
| 5:56 | Build | Settlement |
| 6:53 | Create | Villager (Male) |
| 6:53 | Create | Villager (Male) |
| 6:53 | Create | Villager (Male) |
| 7:21 | Create | Villager (Male) |
| 8:10 | Build | Outpost |
| 8:11 | Research | Feudal Age |
| 9:18 | Build | Farm |
| 9:21 | Build | Farm |
| 9:40 | Create | Villager (Male) |
| 9:40 | Create | Villager (Male) |
| 9:47 | Build | Outpost |
| 10:03 | Build | Farm |
| 10:16 | Build | Farm |
| 10:21 | Age | Feudal Age |
| 10:25 | Build | Market |
| 10:28 | Build | Blacksmith |
| 11:16 | Build | Settlement |
| 11:26 | Build | Farm |
| 11:27 | Build | Farm |
| 12:11 | Research | Double-Bit Axe |
| 12:20 | Research | Horse Collar |
| 12:28 | Research | Castle Age |
| 13:15 | Build | House |
| 13:15 | Build | House |
| 13:17 | Build | House |
| 13:23 | Build | Barracks |
| 13:31 | Create | Villager (Male) |
| 13:32 | Create | Villager (Male) |
| 14:29 | Build | House |
| 14:54 | Create | Spearman |
| 15:06 | Build | Farm |
| 15:06 | Build | Farm |
| 15:06 | Build | Farm |
| 15:07 | Build | Farm |
| 15:08 | Age | Castle Age |
| 15:09 | Build | Farm |
| 15:10 | Build | Farm |
| 15:31 | Build | Monastery |
| 15:43 | Create | Unit 2586 |
| 15:43 | Create | Unit 2586 |
| 15:49 | Create | Villager (Male) |
| 15:49 | Create | Villager (Male) |
| 16:31 | Create | Monk |
| 16:34 | Create | Unit 2586 |
| 16:40 | Create | Villager (Male) |
| 16:41 | Create | Villager (Male) |
| 16:48 | Build | Farm |
| 16:49 | Build | Farm |
| 16:49 | Build | Farm |
| 17:13 | Create | Monk |
| 17:14 | Create | Villager (Male) |
| 17:18 | Research | Gold Mining |
| 17:21 | Research | Heavy Plow |
| 17:41 | Create | Villager (Male) |
| 17:41 | Create | Villager (Male) |
| 18:09 | Build | Town Center |
| 18:13 | Create | Villager (Male) |
| 18:13 | Create | Villager (Male) |
| 18:18 | Build | Farm |
| 18:18 | Build | Farm |
| 18:19 | Build | Farm |
| 18:19 | Build | Farm |
| 18:22 | Create | Villager (Male) |
| 18:28 | Create | Unit 2586 |
| 18:53 | Create | Unit 2586 |
| 19:27 | Research | Wheelbarrow |
| 19:32 | Build | Farm |
| 19:38 | Research | Forging |
| 19:44 | Build | House |
| 19:44 | Build | House |
| 19:45 | Build | House |
| 19:50 | Create | Villager (Male) |
| 19:50 | Create | Villager (Male) |
| 20:02 | Build | Farm |
| 20:02 | Build | Farm |
| 20:02 | Build | Farm |
| 20:48 | Create | Villager (Male) |
| 20:48 | Create | Villager (Male) |
| 20:49 | Create | Villager (Male) |
| 20:54 | Build | Farm |
| 21:02 | Create | Villager (Male) |
| 21:03 | Create | Villager (Male) |
| 21:04 | Build | Farm |
| 21:04 | Build | Farm |
| 21:04 | Build | Farm |
| 21:20 | Research | Redemption |
| 21:50 | Create | Villager (Male) ×5 |
| 21:58 | Build | Settlement |
| 22:23 | Research | Sanctity |
| 22:28 | Research | Scale Mail Armor |
| 22:32 | Build | Farm |
| 22:32 | Build | Farm |
| 22:35 | Create | Villager (Male) |
| 22:39 | Create | Villager (Male) |
| 22:39 | Create | Villager (Male) |
| 22:49 | Create | Monk |
| 23:23 | Create | Villager (Male) ×5 |
| 23:36 | Research | Squires |
| 23:39 | Create | Unit 2586 |
| 23:39 | Create | Unit 2586 |
| 24:19 | Build | Barracks |
| 24:21 | Research | Iron Casting |
| 24:22 | Create | Villager (Male) |
| 24:22 | Create | Villager (Male) |
| 24:24 | Research | Loom |
| 24:26 | Research | Hand Cart |
| 24:30 | Create | Unit 2586 |
| 24:31 | Create | Unit 2586 |
| 24:56 | Create | Monk |
| 25:01 | Create | Unit 2586 |
| 25:19 | Create | Villager (Male) |
| 25:22 | Build | Settlement |
| 25:32 | Create | Villager (Male) |
| 25:32 | Create | Villager (Male) |
| 25:35 | Build | Farm |
| 25:35 | Build | Farm |
| 25:35 | Build | Farm |
| 25:35 | Build | Farm |
| 25:37 | Build | Farm |
| 25:37 | Build | Farm |
| 25:52 | Build | House |
| 25:53 | Build | House |
| 25:59 | Create | Villager (Male) |
| 26:00 | Research | Loom |
| 26:01 | Create | Villager (Male) |
| 26:05 | Research | Town Watch |
| 26:17 | Build | House |
Build order — Bantum
First 150 of 455 actions detected
| 0:01 | Create | Villager (Male) |
| 0:01 | Create | Villager (Male) |
| 0:01 | Create | Villager (Male) |
| 0:03 | Build | House |
| 0:06 | Build | House |
| 0:36 | Create | Villager (Male) |
| 1:31 | Create | Villager (Male) |
| 1:31 | Create | Villager (Male) |
| 2:08 | Create | Villager (Male) |
| 2:09 | Create | Villager (Male) |
| 2:33 | Create | Villager (Male) |
| 3:32 | Create | Villager (Male) |
| 3:33 | Create | Villager (Male) |
| 3:38 | Create | Villager (Male) |
| 3:42 | Build | House |
| 3:45 | Build | House |
| 4:16 | Create | Villager (Male) |
| 4:23 | Create | Villager (Male) |
| 4:34 | Create | Villager (Male) |
| 5:19 | Build | Mill |
| 5:29 | Create | Villager (Male) |
| 6:10 | Create | Villager (Male) |
| 6:27 | Create | Villager (Male) |
| 6:41 | Create | Villager (Male) |
| 7:45 | Create | Villager (Male) |
| 7:47 | Research | Feudal Age |
| 9:06 | Create | Villager (Male) |
| 10:20 | Age | Feudal Age |
| 10:43 | Create | Villager (Male) |
| 10:53 | Build | Market |
| 10:57 | Research | Double-Bit Axe |
| 11:07 | Build | Farm |
| 11:09 | Build | Farm |
| 11:11 | Build | Farm |
| 11:15 | Build | Farm |
| 11:18 | Research | Horse Collar |
| 11:20 | Create | Villager (Male) |
| 11:34 | Research | Wheelbarrow |
| 12:06 | Build | House |
| 12:08 | Build | House |
| 12:18 | Create | Villager (Male) |
| 12:33 | Build | Farm |
| 12:36 | Build | Farm |
| 12:40 | Create | Villager (Male) |
| 12:56 | Build | Farm |
| 13:11 | Build | Mule Cart |
| 13:20 | Create | Villager (Male) |
| 14:02 | Build | Farm |
| 14:06 | Build | Farm |
| 14:15 | Build | Farm |
| 14:21 | Create | Villager (Male) |
| 14:29 | Build | Blacksmith |
| 14:43 | Build | Farm |
| 14:44 | Build | Farm |
| 14:52 | Build | Farm |
| 14:58 | Research | Castle Age |
| 15:19 | Research | Gold Mining |
| 17:38 | Age | Castle Age |
| 17:42 | Build | Town Center |
| 17:45 | Research | Hand Cart |
| 17:46 | Create | Villager (Male) |
| 17:46 | Create | Villager (Male) |
| 18:48 | Build | Farm |
| 18:50 | Build | Farm |
| 18:59 | Build | Monastery |
| 19:04 | Create | Villager (Male) |
| 19:22 | Create | Villager (Male) |
| 19:25 | Create | Villager (Male) |
| 20:09 | Create | Villager (Male) |
| 20:30 | Build | University |
| 20:38 | Create | Villager (Male) |
| 20:44 | Create | Monk |
| 21:09 | Research | Imperial Age |
| 21:11 | Research | Loom |
| 21:13 | Create | Villager (Male) |
| 21:13 | Create | Villager (Male) |
| 21:17 | Build | House |
| 21:18 | Build | House |
| 21:55 | Create | Villager (Male) |
| 22:00 | Create | Villager (Male) |
| 22:00 | Create | Villager (Male) |
| 22:13 | Build | Town Center |
| 22:18 | Create | Villager (Male) |
| 22:18 | Create | Villager (Male) |
| 22:37 | Create | Villager (Male) |
| 23:00 | Create | Villager (Male) |
| 23:03 | Build | Farm |
| 23:04 | Build | Farm |
| 23:05 | Build | Farm |
| 23:06 | Build | Farm |
| 23:43 | Create | Villager (Male) |
| 23:43 | Create | Villager (Male) |
| 23:52 | Build | Siege Workshop |
| 23:55 | Create | Villager (Male) |
| 24:19 | Age | Imperial Age |
| 24:22 | Build | Siege Workshop |
| 24:48 | Create | Mangonel |
| 24:48 | Create | Mangonel |
| 24:54 | Create | Villager (Male) |
| 25:04 | Create | Villager (Male) |
| 25:15 | Create | Villager (Male) |
| 25:28 | Create | Villager (Male) |
| 25:44 | Build | Siege Workshop |
| 25:47 | Create | Villager (Male) |
| 25:58 | Build | Farm |
| 26:38 | Create | Villager (Male) |
| 28:49 | Build | Market |
| 28:55 | Build | Mule Cart |
| 29:32 | Build | Town Center |
| 29:45 | Build | Town Center |
| 30:31 | Create | Villager (Male) |
| 30:45 | Create | Villager (Male) |
| 30:53 | Create | Villager (Male) |
| 30:53 | Create | Villager (Male) |
| 31:00 | Build | Farm |
| 31:00 | Build | Farm |
| 31:01 | Build | Farm |
| 31:01 | Build | Farm |
| 31:01 | Build | Farm |
| 31:01 | Build | Farm |
| 31:02 | Build | Farm |
| 31:02 | Build | Farm |
| 31:34 | Build | Town Center |
| 31:40 | Create | Villager (Male) |
| 31:40 | Create | Villager (Male) |
| 31:44 | Create | Villager (Male) |
| 31:46 | Create | Villager (Male) |
| 31:47 | Create | Villager (Male) |
| 32:35 | Create | Villager (Male) |
| 32:36 | Create | Villager (Male) |
| 32:39 | Build | Farm |
| 32:43 | Create | Villager (Male) |
| 32:52 | Create | Villager (Male) |
| 32:52 | Create | Villager (Male) |
| 32:53 | Create | Villager (Male) |
| 32:59 | Create | Villager (Male) |
| 32:59 | Create | Villager (Male) |
| 33:39 | Create | Villager (Male) |
| 33:39 | Create | Villager (Male) |
| 33:40 | Create | Villager (Male) |
| 33:46 | Create | Villager (Male) |
| 33:53 | Build | Farm |
| 33:53 | Build | Farm |
| 33:54 | Build | Farm |
| 33:54 | Build | Farm |
| 33:54 | Build | Farm |
| 33:54 | Build | Farm |
| 33:54 | Build | Farm |
| 33:55 | Build | Farm |
| 34:01 | Build | Farm |
Build order — MR FACAndo
First 150 of 635 actions detected
| 0:02 | Create | Villager (Male) |
| 0:02 | Create | Villager (Male) |
| 0:02 | Create | Villager (Male) |
| 0:03 | Build | House |
| 0:05 | Build | House |
| 0:31 | Create | Villager (Male) |
| 0:32 | Create | Villager (Male) |
| 0:32 | Create | Villager (Male) |
| 1:40 | Create | Villager (Male) |
| 1:40 | Create | Villager (Male) |
| 1:44 | Build | Lumber Camp |
| 2:39 | Create | Villager (Male) |
| 3:01 | Create | Villager (Male) |
| 3:02 | Create | Villager (Male) |
| 3:02 | Create | Villager (Male) |
| 3:09 | Build | House |
| 4:38 | Create | Villager (Male) |
| 4:38 | Create | Villager (Male) |
| 4:39 | Create | Villager (Male) |
| 5:19 | Create | Villager (Male) |
| 6:03 | Create | Villager (Male) |
| 6:04 | Create | Villager (Male) |
| 6:04 | Create | Villager (Male) |
| 6:24 | Build | Mill |
| 6:35 | Create | Villager (Male) |
| 6:36 | Create | Villager (Male) |
| 6:36 | Create | Villager (Male) |
| 6:45 | Build | House |
| 7:22 | Create | Villager (Male) |
| 7:22 | Create | Villager (Male) |
| 7:22 | Create | Villager (Male) |
| 7:42 | Create | Villager (Male) |
| 8:34 | Create | Villager (Male) |
| 8:34 | Create | Villager (Male) |
| 8:44 | Build | House |
| 8:52 | Research | Feudal Age |
| 8:57 | Build | Mining Camp |
| 9:28 | Research | Loom |
| 10:23 | Build | Farm |
| 10:26 | Build | Farm |
| 10:32 | Build | Farm |
| 11:29 | Age | Feudal Age |
| 11:36 | Build | Blacksmith |
| 11:41 | Build | Market |
| 11:48 | Create | Villager (Male) |
| 11:48 | Create | Villager (Male) |
| 12:16 | Build | House |
| 12:24 | Build | House |
| 13:19 | Research | Castle Age |
| 13:24 | Build | House |
| 13:42 | Research | Horse Collar |
| 13:47 | Build | Farm |
| 14:06 | Research | Double-Bit Axe |
| 14:10 | Build | Farm |
| 14:21 | Build | House |
| 14:24 | Build | House |
| 14:33 | Build | Barracks |
| 15:09 | Build | Farm |
| 15:44 | Age | Castle Age |
| 16:10 | Build | Town Center |
| 16:12 | Create | Villager (Male) |
| 16:12 | Create | Villager (Male) |
| 16:24 | Build | Mining Camp |
| 16:28 | Research | Gold Mining |
| 16:34 | Research | Bow Saw |
| 16:59 | Build | Farm |
| 17:00 | Create | Villager (Male) |
| 17:14 | Build | Farm |
| 17:22 | Create | Villager (Male) |
| 17:27 | Build | Farm |
| 18:28 | Create | Villager (Male) |
| 18:29 | Create | Villager (Male) |
| 18:32 | Create | Villager (Male) |
| 18:33 | Create | Villager (Male) |
| 18:39 | Build | Farm |
| 18:41 | Build | Farm |
| 18:43 | Build | Farm |
| 18:45 | Build | Farm |
| 18:48 | Build | Farm |
| 18:51 | Build | Farm |
| 19:00 | Build | Farm |
| 19:12 | Build | Farm |
| 19:20 | Create | Villager (Male) |
| 19:22 | Create | Villager (Male) |
| 19:37 | Create | Villager (Male) |
| 19:39 | Create | Villager (Male) |
| 19:50 | Build | Town Center |
| 19:57 | Create | Villager (Male) |
| 19:58 | Create | Villager (Male) |
| 20:09 | Build | House |
| 20:42 | Create | Villager (Male) |
| 20:44 | Create | Villager (Male) |
| 20:52 | Create | Villager (Male) |
| 20:53 | Create | Villager (Male) |
| 20:59 | Research | Heavy Plow |
| 21:05 | Create | Villager (Male) |
| 21:07 | Build | Farm |
| 21:19 | Build | Farm |
| 21:23 | Create | Villager (Male) |
| 21:30 | Build | Farm |
| 21:31 | Build | Farm |
| 21:35 | Create | Villager (Male) |
| 21:52 | Create | Villager (Male) |
| 21:54 | Create | Villager (Male) |
| 22:10 | Build | Monastery |
| 22:27 | Build | University |
| 22:34 | Create | Villager (Male) |
| 22:35 | Create | Villager (Male) |
| 22:37 | Create | Villager (Male) |
| 22:39 | Create | Villager (Male) |
| 22:40 | Create | Villager (Male) |
| 22:40 | Create | Villager (Male) |
| 22:40 | Create | Villager (Male) |
| 22:43 | Create | Monk |
| 23:24 | Build | Stable |
| 23:28 | Build | Archery Range |
| 23:35 | Research | Masonry |
| 23:47 | Create | Villager (Male) |
| 23:48 | Create | Villager (Male) |
| 23:48 | Create | Villager (Male) |
| 23:48 | Create | Villager (Male) |
| 23:48 | Create | Villager (Male) |
| 23:49 | Create | Villager (Male) |
| 23:49 | Create | Villager (Male) |
| 23:49 | Create | Villager (Male) |
| 23:49 | Create | Villager (Male) |
| 24:04 | Build | Farm |
| 24:07 | Build | Farm |
| 24:09 | Build | Farm |
| 24:11 | Build | Farm |
| 24:18 | Build | Farm |
| 24:24 | Create | Villager (Male) |
| 24:25 | Create | Villager (Male) |
| 24:25 | Create | Villager (Male) |
| 24:25 | Create | Villager (Male) |
| 24:25 | Create | Villager (Male) |
| 24:59 | Research | Wheelbarrow |
| 25:01 | Create | Villager (Male) |
| 25:01 | Create | Villager (Male) |
| 25:02 | Create | Villager (Male) |
| 25:03 | Create | Villager (Male) |
| 25:03 | Create | Villager (Male) |
| 25:09 | Build | Town Center |
| 25:17 | Build | Mining Camp |
| 25:29 | Build | Stable |
| 25:39 | Build | Farm |
| 25:41 | Build | Farm |
| 25:42 | Build | Farm |
| 25:48 | Build | Farm |
| 25:50 | Build | Farm |
Match timeline
| 10:20 | Bantum · age_up feudal |
| 10:21 | dAN · age_up feudal |
| 10:35 | GR4Y_BE4RD · first_building Barracks |
| 10:39 | Miss.Orient · first_building Barracks |
| 10:45 | KillerINSTIC · age_up feudal |
| 10:47 | berpite7 · age_up feudal |
| 10:58 | Jjota · age_up feudal |
| 11:29 | MR FACAndo · age_up feudal |
| 11:32 | Miss.Orient · age_up feudal |
| 12:39 | GR4Y_BE4RD · age_up feudal |
| 13:14 | KillerINSTIC · first_market_sell 100 wood |
| 13:16 | KillerINSTIC · first_market_buy 100 food |
| 13:23 | dAN · first_building Barracks |
| 13:40 | GR4Y_BE4RD · first_building Stable |
| 13:55 | Miss.Orient · first_building Stable |
| 14:33 | MR FACAndo · first_building Barracks |
| 14:35 | Jjota · age_up castle |
| 14:45 | berpite7 · age_up castle |
| 14:47 | KillerINSTIC · first_building Barracks |
| 15:08 | dAN · age_up castle |
| 15:18 | Jjota · first_building Castle |
| 15:28 | berpite7 · first_building Monastery |
| 15:31 | dAN · first_building Monastery |
| 15:31 | Jjota · first_building Siege Workshop |
| 15:44 | MR FACAndo · age_up castle |
| 16:09 | KillerINSTIC · age_up castle |
| 16:10 | GR4Y_BE4RD · age_up castle |
| 17:14 | GR4Y_BE4RD · first_building Monastery |
| 17:37 | KillerINSTIC · first_building Stable |
| 17:38 | Bantum · age_up castle |
| 17:41 | Miss.Orient · age_up castle |
| 17:50 | Miss.Orient · first_building Castle |
| 18:59 | Bantum · first_building Monastery |
| 19:11 | GR4Y_BE4RD · first_market_buy 100 wood |
| 19:11 | Jjota · first_market_buy 100 food |
| 20:14 | KillerINSTIC · first_building Siege Workshop |
| 20:48 | KillerINSTIC · first_building Monastery |
| 22:10 | MR FACAndo · first_building Monastery |
| 22:47 | Jjota · first_building Barracks |
| 22:57 | berpite7 · first_building Castle |
| 23:24 | MR FACAndo · first_building Stable |
| 23:28 | MR FACAndo · first_building Archery Range |
| 23:52 | Bantum · first_building Siege Workshop |
| 24:05 | Miss.Orient · first_market_sell 100 food |
| 24:19 | Bantum · age_up imperial |
| 25:02 | berpite7 · first_building Barracks |
| 25:33 | berpite7 · first_building Siege Workshop |
| 26:06 | Miss.Orient · first_market_buy 100 stone |
| 27:05 | GR4Y_BE4RD · first_building Castle |
| 27:22 | GR4Y_BE4RD · wall_segment Stone Wall x1 |
| 27:23 | GR4Y_BE4RD · wall_segment Stone Wall x1 |
| 27:26 | GR4Y_BE4RD · wall_segment Stone Wall x1 |
| 28:25 | dAN · tribute_sent a jugador 1 |
| 28:25 | dAN · tribute_sent a jugador 2 |
| 28:25 | dAN · tribute_sent a jugador 3 |
| 28:25 | dAN · tribute_sent a jugador 4 |
| 28:25 | dAN · tribute_sent a jugador 6 |
| 28:25 | dAN · tribute_sent a jugador 7 |
| 28:25 | dAN · tribute_sent a jugador 8 |
| 29:22 | Bantum · first_market_sell 100 food |
| 29:23 | Bantum · first_market_buy 100 stone |
| 29:44 | MR FACAndo · first_market_sell 500 wood |
| 29:50 | dAN · tribute_sent a jugador 1 |
| 29:50 | dAN · tribute_sent a jugador 2 |
| 29:50 | dAN · tribute_sent a jugador 3 |
| 29:50 | dAN · tribute_sent a jugador 4 |
| 29:50 | dAN · tribute_sent a jugador 6 |
| 29:50 | dAN · tribute_sent a jugador 7 |
| 29:50 | dAN · tribute_sent a jugador 8 |
| 30:05 | dAN · first_building Archery Range |
| 30:37 | berpite7 · first_building Stable |
| 31:33 | dAN · first_building Siege Workshop |
| 32:05 | dAN · age_up imperial |
| 32:37 | GR4Y_BE4RD · age_up imperial |
| 33:20 | MR FACAndo · tribute_sent a jugador 1 |
| 33:20 | MR FACAndo · tribute_sent a jugador 2 |
| 33:20 | MR FACAndo · tribute_sent a jugador 3 |
| 33:20 | MR FACAndo · tribute_sent a jugador 4 |
| 33:20 | MR FACAndo · tribute_sent a jugador 5 |
| 33:20 | MR FACAndo · tribute_sent a jugador 6 |
| 33:20 | MR FACAndo · tribute_sent a jugador 7 |
| 33:31 | berpite7 · age_up imperial |
| 33:53 | MR FACAndo · age_up imperial |
| 34:07 | MR FACAndo · first_building Castle |
| 34:33 | Miss.Orient · age_up imperial |
| 34:36 | dAN · first_building Castle |
| 34:44 | Jjota · age_up imperial |
| 34:44 | KillerINSTIC · first_building Castle |
| 34:55 | Jjota · first_market_sell 100 food |
| 35:26 | KillerINSTIC · age_up imperial |
| 36:15 | Bantum · first_building Barracks |
| 36:49 | MR FACAndo · tribute_sent a jugador 1 |
| 36:49 | MR FACAndo · tribute_sent a jugador 2 |
| 36:49 | MR FACAndo · tribute_sent a jugador 3 |
| 36:49 | MR FACAndo · tribute_sent a jugador 4 |
| 36:49 | MR FACAndo · tribute_sent a jugador 5 |
| 36:49 | MR FACAndo · tribute_sent a jugador 6 |
| 36:49 | MR FACAndo · tribute_sent a jugador 7 |
| 37:31 | Bantum · first_building Archery Range |
| 43:38 | Miss.Orient · first_building Siege Workshop |
| 46:58 | GR4Y_BE4RD · first_market_sell 500 stone |
| 47:48 | KillerINSTIC · first_building Archery Range |
| 47:51 | Bantum · wall_segment Stone Wall x9 |
| 50:07 | MR FACAndo · first_building Siege Workshop |
| 51:27 | dAN · tribute_sent a jugador 1 |
| 51:27 | dAN · tribute_sent a jugador 2 |
| 51:27 | dAN · tribute_sent a jugador 3 |
| 51:27 | dAN · tribute_sent a jugador 4 |
| 51:27 | dAN · tribute_sent a jugador 6 |
| 51:27 | dAN · tribute_sent a jugador 7 |
| 51:27 | dAN · tribute_sent a jugador 8 |
| 51:35 | MR FACAndo · wall_segment Stone Wall x15 |
| 52:57 | MR FACAndo · tribute_sent a jugador 1 |
| 52:57 | MR FACAndo · tribute_sent a jugador 2 |
| 52:57 | MR FACAndo · tribute_sent a jugador 3 |
| 52:57 | MR FACAndo · tribute_sent a jugador 4 |
| 52:57 | MR FACAndo · tribute_sent a jugador 5 |
| 52:57 | MR FACAndo · tribute_sent a jugador 6 |
| 52:57 | MR FACAndo · tribute_sent a jugador 7 |
| 58:37 | dAN · first_market_sell 500 stone |
| 59:52 | berpite7 · wall_segment Stone Wall x13 |
| 61:48 | GR4Y_BE4RD · wall_segment Stone Wall x1 |
| 61:49 | GR4Y_BE4RD · wall_segment Stone Wall x1 |
| 61:50 | GR4Y_BE4RD · wall_segment Stone Wall x1 |
| 61:51 | GR4Y_BE4RD · wall_segment Stone Wall x1 |
| 62:41 | Bantum · wall_segment Stone Wall x1 |
| 62:43 | Bantum · wall_segment Stone Wall x1 |
| 62:43 | Bantum · wall_segment Stone Wall x1 |
| 64:06 | Miss.Orient · resign |
| 65:51 | Jjota · tribute_sent a jugador 1 |
| 65:51 | Jjota · tribute_sent a jugador 2 |
| 65:51 | Jjota · tribute_sent a jugador 3 |
| 65:51 | Jjota · tribute_sent a jugador 4 |
| 65:51 | Jjota · tribute_sent a jugador 5 |
| 65:51 | Jjota · tribute_sent a jugador 7 |
| 65:51 | Jjota · tribute_sent a jugador 8 |
| 66:06 | Jjota · tribute_sent a jugador 1 |
| 66:06 | Jjota · tribute_sent a jugador 2 |
| 66:06 | Jjota · tribute_sent a jugador 3 |
| 66:06 | Jjota · tribute_sent a jugador 4 |
| 66:06 | Jjota · tribute_sent a jugador 5 |
| 66:06 | Jjota · tribute_sent a jugador 7 |
| 66:06 | Jjota · tribute_sent a jugador 8 |
| 66:40 | Jjota · tribute_sent a jugador 1 |
| 66:40 | Jjota · tribute_sent a jugador 2 |
| 66:40 | Jjota · tribute_sent a jugador 3 |
| 66:40 | Jjota · tribute_sent a jugador 4 |
| 66:40 | Jjota · tribute_sent a jugador 5 |
| 66:40 | Jjota · tribute_sent a jugador 7 |
| 66:40 | Jjota · tribute_sent a jugador 8 |
[ AI ANALYSIS · 1 CREDIT ]
What really happened in this match?
Wolo.gg analyzes every decision: build order, eco, micro, common mistakes by bracket. Personalized analysis on WhatsApp or Discord in 30 seconds.
Civ guide
Japanese
Map guide
Arena
Perfil
Jugador #860913